2988 views
Uploaded 2020-02-14 10:08:12
Game version 1.32 / 1.32.1
40:55 long 4on4 ladder game on (8)Northshire_LV
Saved by BaDitO2
2988 views
Uploaded 2020-02-14 10:08:12
Game version 1.32 / 1.32.1
40:55 long 4on4 ladder game on (8)Northshire_LV


248 units @ 34.9k
/ 5.1k
127 buildings @ 19.7k
/ 9.1k

| Healing Salve | 3 | 300 |
| Potion of Mana | 1 | 200 |
| total: | 4 | 500g |
| Peon | 8 | 600 | / | 0 |
| Grunt | 16 | 3200 | / | 0 |
| Troll Headhunter | 12 | 1680 | / | 240 |
| Troll Berserker | 18 | 2520 | / | 360 |
| Shaman | 2 | 260 | / | 40 |
| total: | 56 | 8260g | / | 640w |
| Altar of Storms | 2 | 360 | / | 100 |
| Orc Burrow | 10 | 1600 | / | 400 |
| Barracks | 2 | 360 | / | 100 |
| Voodoo Lounge | 2 | 260 | / | 60 |
| War Mill | 2 | 410 | / | 0 |
| Great Hall | 2 | 770 | / | 370 |
| Spirit Lodge | 1 | 150 | / | 150 |
| Stronghold | 3 | 945 | / | 570 |
| Fortress | 2 | 650 | / | 380 |
| total: | 21 | 3910g | / | 1180w |
| 0:06 | Peon |
| 0:12 | Altar of Storms |
| 0:19 | Orc Burrow |
| 0:26 | Barracks |
| 0:28 | Peon |
| 0:51 | Peon |
| 1:15 | Peon |
| 1:21 | Peon |
| 1:36 | Orc Burrow |
| 1:59 | Grunt |
| 2:17 | War Stomp |
| 2:30 | Grunt |
| 2:36 | Voodoo Lounge |
| 3:02 | Grunt |
| 3:11 | Stronghold |
| 3:53 | Grunt |
| 4:00 | Healing Salve |
| 5:03 | Endurance Aura |
| 5:33 | Grunt |
| 5:33 | Grunt |
| 5:43 | Orc Burrow |
| 5:58 | Orc Burrow |
| 6:52 | Grunt |
| 6:54 | Berserker Strength |
| 6:56 | Fortress |
| 7:05 | War Mill |
| 7:11 | Orc Burrow |
| 7:36 | Grunt |
| 7:59 | Grunt |
| 8:55 | Shockwave |
| 9:36 | Troll Headhunter |
| 9:36 | Troll Headhunter |
| 9:36 | Troll Headhunter |
| 10:48 | Troll Headhunter |
| 10:49 | Troll Headhunter |
| 10:49 | Troll Headhunter |
| 11:06 | Healing Salve |
| 11:13 | Troll Headhunter |
| 11:14 | Troll Headhunter |
| 11:14 | Troll Headhunter |
| 11:14 | Troll Headhunter |
| 11:16 | Berserker Upgrade |
| 11:25 | Steel Melee Weapons |
| 11:26 | Steel Ranged Weapons |
| 11:26 | Steel Armor |
| 12:24 | Troll Headhunter |
| 12:24 | Troll Headhunter |
| 12:36 | Peon |
| 12:36 | Peon |
| 14:20 | Troll Berserker |
| 14:21 | Troll Berserker |
| 14:21 | Troll Berserker |
| 14:21 | Troll Berserker |
| 14:21 | Troll Berserker |
| 16:35 | Endurance Aura |
| 17:23 | Endurance Aura |
| 18:22 | Great Hall |
| 18:59 | Great Hall |
| 20:08 | Reincarnation |
| 20:43 | Orc Burrow |
| 22:01 | Altar of Storms |
| 22:03 | Peon |
| 22:23 | Barracks |
| 22:49 | Stronghold |
| 23:12 | War Mill |
| 23:22 | Orc Burrow |
| 23:30 | Orc Burrow |
| 24:22 | Grunt |
| 24:26 | Grunt |
| 24:26 | Troll Berserker |
| 24:27 | Grunt |
| 24:28 | Troll Berserker |
| 24:49 | Orc Burrow |
| 25:01 | Voodoo Lounge |
| 25:18 | Fortress |
| 25:25 | Troll Regeneration |
| 25:27 | Grunt |
| 25:27 | Troll Berserker |
| 25:40 | Thorium Armor |
| 25:42 | Thorium Ranged Weapons |
| 25:42 | Thorium Melee Weapons |
| 26:08 | Orc Burrow |
| 26:22 | Spirit Lodge |
| 29:09 | Shaman |
| 29:09 | Shaman |
| 29:10 | Shaman Adept Training |
| 29:12 | Troll Berserker |
| 29:12 | Troll Berserker |
| 29:12 | Troll Berserker |
| 29:13 | Troll Berserker |
| 29:13 | Grunt |
| 29:13 | Grunt |
| 29:13 | Grunt |
| 30:29 | Troll Berserker |
| 30:29 | Troll Berserker |
| 30:29 | Troll Berserker |
| 30:29 | Troll Berserker |
| 31:33 | Shockwave |
| 32:23 | Healing Salve |
| 33:41 | Troll Berserker |
| 33:41 | Troll Berserker |
| 34:17 | Potion of Mana |
| Right click | 1323 |
| Select group | 629 |
| Select | 234 |
| Build/train/purchase | 123 |
| Use ability | 17 |
| Assign group | 14 |
| Resource trade | 11 |
| Misc. action | 3 |
| Remove unit | 2 |



| Lesser Clarity Potion | 10 | 700 |
| Scroll of Regeneration | 8 | 800 |
| Potion of Healing | 3 | 450 |
| Orb of Fire | 1 | 325 |
| Staff of Sanctuary | 2 | 500 |
| Scroll of Town Portal | 1 | 350 |
| Healing Salve | 1 | 100 |
| total: | 26 | 3225g |
| Peasant | 28 | 2100 | / | 0 |
| Footman | 5 | 675 | / | 0 |
| Mortar Team | 11 | 1980 | / | 770 |
| Flying Machine | 8 | 800 | / | 240 |
| Siege Engine | 1 | 195 | / | 60 |
| Spell Breaker | 7 | 1505 | / | 210 |
| Goblin Shredder | 1 | 375 | / | 100 |
| Assassin | 1 | 250 | / | 30 |
| Rogue | 1 | 150 | / | 0 |
| Kobold Geomancer | 1 | 255 | / | 30 |
| total: | 64 | 8285g | / | 1440w |
| Scout Tower | 12 | 360 | / | 240 |
| Arcane Tower | 2 | 140 | / | 100 |
| Guard Tower | 1 | 70 | / | 50 |
| Altar of Kings | 1 | 180 | / | 50 |
| Farm | 14 | 1120 | / | 280 |
| Barracks | 1 | 160 | / | 60 |
| Town Hall | 3 | 1155 | / | 615 |
| Arcane Vault | 4 | 520 | / | 120 |
| Lumber Mill | 1 | 120 | / | 0 |
| Blacksmith | 2 | 280 | / | 120 |
| Cannon Tower | 2 | 240 | / | 200 |
| Workshop | 7 | 980 | / | 980 |
| Arcane Sanctum | 3 | 450 | / | 420 |
| Keep | 1 | 320 | / | 210 |
| Castle | 2 | 720 | / | 420 |
| total: | 48 | 5325g | / | 2885w |
| 0:02 | Peasant |
| 0:03 | Peasant |
| 0:03 | Peasant |
| 0:10 | Altar of Kings |
| 0:19 | Farm |
| 0:28 | Barracks |
| 0:33 | Peasant |
| 0:49 | Farm |
| 0:54 | Peasant |
| 1:01 | Peasant |
| 1:29 | Farm |
| 1:31 | Footman |
| 1:33 | Peasant |
| 1:44 | Peasant |
| 1:51 | Footman |
| 2:00 | Peasant |
| 2:11 | Summon Water Elemental |
| 2:11 | Summon Water Elemental |
| 2:14 | Footman |
| 2:25 | Peasant |
| 2:59 | Town Hall |
| 3:05 | Brilliance Aura |
| 3:06 | Peasant |
| 3:18 | Arcane Vault |
| 3:20 | Arcane Vault |
| 3:31 | Peasant |
| 3:48 | Peasant |
| 4:01 | Footman |
| 4:04 | Peasant |
| 4:05 | Footman |
| 4:31 | Lesser Clarity Potion |
| 4:33 | Scroll of Regeneration |
| 4:34 | Keep |
| 4:38 | Lesser Clarity Potion |
| 4:38 | Scroll of Regeneration |
| 4:42 | Farm |
| 4:48 | Lumber Mill |
| 5:03 | Summon Water Elemental |
| 5:23 | Goblin Shredder |
| 5:47 | Blacksmith |
| 6:54 | Blacksmith |
| 6:57 | Castle |
| 7:03 | Assassin |
| 7:03 | Rogue |
| 7:05 | Farm |
| 7:08 | Farm |
| 7:09 | Farm |
| 7:10 | Farm |
| 7:11 | Farm |
| 7:12 | Farm |
| 7:14 | Farm |
| 7:29 | Kobold Geomancer |
| 7:33 | Farm |
| 7:36 | Workshop |
| 7:37 | Workshop |
| 7:38 | Workshop |
| 7:39 | Workshop |
| 7:39 | Workshop |
| 8:09 | Brilliance Aura |
| 8:52 | Storm Bolt |
| 9:08 | Mortar Team |
| 10:01 | Fragmentation Shards |
| 10:01 | Mortar Team |
| 10:16 | Black Gunpowder |
| 10:19 | Farm |
| 10:59 | Flak Cannons |
| 10:59 | Flying Machine |
| 11:08 | Holy Light |
| 11:31 | Barrage |
| 11:31 | Siege Engine |
| 11:48 | Farm |
| 11:50 | Flying Machine |
| 12:17 | Refined Gunpowder |
| 12:17 | Flying Machine |
| 12:21 | Arcane Sanctum |
| 12:23 | Arcane Sanctum |
| 12:26 | Arcane Sanctum |
| 12:30 | Scroll of Regeneration |
| 12:31 | Scroll of Town Portal |
| 12:56 | Flying Machine |
| 13:12 | Mortar Team |
| 13:23 | Bash |
| 14:04 | Spell Breaker |
| 14:06 | Iron Plating |
| 14:08 | Summon Water Elemental |
| 14:23 | Flying Machine |
| 14:38 | Arcane Vault |
| 14:51 | Scout Tower |
| 14:52 | Scout Tower |
| 14:52 | Scout Tower |
| 14:53 | Scout Tower |
| 15:14 | Spell Breaker |
| 15:16 | Flying Machine |
| 15:47 | Storm Bolt |
| 15:50 | Spell Breaker |
| 15:54 | Divine Shield |
| 15:54 | Divine Shield |
| 16:24 | Holy Light |
| 16:25 | Mortar Team |
| 16:46 | Spell Breaker |
| 17:15 | Arcane Tower |
| 17:51 | Spell Breaker |
| 18:02 | Scout Tower |
| 18:07 | Peasant |
| 18:07 | Peasant |
| 18:13 | Mortar Team |
| 18:18 | Town Hall |
| 18:35 | Peasant |
| 18:36 | Peasant |
| 18:39 | Mass Teleport |
| 19:10 | Bash |
| 19:30 | Mortar Team |
| 19:30 | Spell Breaker |
| 19:46 | Scout Tower |
| 20:06 | Mortar Team |
| 20:10 | Workshop |
| 20:10 | Workshop |
| 20:12 | Peasant |
| 20:32 | Divine Shield |
| 21:05 | Mortar Team |
| 21:05 | Mortar Team |
| 21:10 | Scroll of Regeneration |
| 21:10 | Lesser Clarity Potion |
| 21:12 | Potion of Healing |
| 21:13 | Orb of Fire |
| 21:18 | Peasant |
| 21:27 | Mortar Team |
| 21:43 | Scout Tower |
| 21:43 | Scout Tower |
| 21:44 | Scout Tower |
| 21:44 | Scout Tower |
| 22:29 | Mortar Team |
| 22:29 | Spell Breaker |
| 22:44 | Cannon Tower |
| 22:47 | Scout Tower |
| 22:50 | Scout Tower |
| 23:06 | Scroll of Regeneration |
| 23:17 | Flying Machine |
| 23:40 | Lesser Clarity Potion |
| 23:42 | Staff of Sanctuary |
| 23:43 | Lesser Clarity Potion |
| 23:54 | Guard Tower |
| 24:31 | Scroll of Regeneration |
| 25:15 | Flying Machine |
| 25:32 | Town Hall |
| 25:40 | Peasant |
| 25:40 | Peasant |
| 26:32 | Lesser Clarity Potion |
| 27:26 | Storm Bolt |
| 27:30 | Peasant |
| 27:30 | Peasant |
| 27:43 | Brilliance Aura |
| 28:02 | Peasant |
| 28:02 | Peasant |
| 28:08 | Holy Light |
| 28:19 | Peasant |
| 28:44 | Arcane Vault |
| 30:31 | Peasant |
| 30:33 | Staff of Sanctuary |
| 30:34 | Scroll of Regeneration |
| 30:34 | Lesser Clarity Potion |
| 30:37 | Potion of Healing |
| 30:38 | Scroll of Regeneration |
| 30:38 | Lesser Clarity Potion |
| 31:50 | Potion of Healing |
| 37:12 | Avatar |
| 37:41 | Divine Shield |
| 37:57 | Blizzard |
| 38:21 | Lesser Clarity Potion |
| 38:21 | Lesser Clarity Potion |
| 38:23 | Healing Salve |
| Right click | 3526 |
| Select group | 1983 |
| Select | 1171 |
| Build/train/purchase | 389 |
| Misc. action | 174 |
| Use ability | 159 |
| Assign group | 129 |
| Chat | 83 |
| Minimap ping | 43 |
| Esc | 4 |
| Item give/drop | 2 |


| Scroll of Town Portal | 1 | 350 |
| total: | 1 | 350g |
| Wisp | 34 | 2040 | / | 0 |
| Archer | 3 | 390 | / | 30 |
| Huntress | 3 | 585 | / | 60 |
| Dryad | 8 | 1160 | / | 480 |
| Druid of the Claw | 5 | 1275 | / | 400 |
| Hippogryph | 5 | 800 | / | 100 |
| Chimaera | 3 | 990 | / | 210 |
| Goblin Shredder | 2 | 750 | / | 200 |
| total: | 63 | 7990g | / | 1480w |
| Ancient Protector | 1 | 135 | / | 80 |
| Altar of Elders | 3 | 540 | / | 150 |
| Moon Well | 14 | 2520 | / | 560 |
| Ancient of War | 1 | 150 | / | 60 |
| Hunter's Hall | 2 | 420 | / | 200 |
| Tree of Life | 6 | 2040 | / | 1110 |
| Ancient of Wonders | 1 | 90 | / | 30 |
| Ancient of Lore | 3 | 465 | / | 435 |
| Ancient of Wind | 4 | 600 | / | 560 |
| Chimaera Roost | 3 | 420 | / | 570 |
| Tree of Ages | 3 | 960 | / | 540 |
| Tree of Eternity | 2 | 660 | / | 400 |
| total: | 38 | 7380g | / | 3755w |
| 0:03 | Wisp |
| 0:04 | Wisp |
| 0:04 | Wisp |
| 0:04 | Wisp |
| 0:18 | Altar of Elders |
| 0:21 | Moon Well |
| 0:31 | Ancient of War |
| 0:36 | Wisp |
| 0:53 | Wisp |
| 0:58 | Wisp |
| 0:58 | Wisp |
| 0:58 | Wisp |
| 1:17 | Wisp |
| 1:25 | Wisp |
| 1:33 | Archer |
| 1:39 | Moon Well |
| 1:42 | Wisp |
| 2:11 | Hunter's Hall |
| 2:21 | Force of Nature |
| 2:30 | Archer |
| 2:33 | Wisp |
| 2:42 | Archer |
| 3:10 | Tree of Ages |
| 3:24 | Huntress |
| 3:56 | Moon Well |
| 4:04 | Thorns Aura |
| 4:33 | Moon Well |
| 4:45 | Tree of Life |
| 4:59 | Ancient Protector |
| 5:19 | Huntress |
| 5:43 | Force of Nature |
| 6:56 | Wisp |
| 7:01 | Ancient of Lore |
| 7:06 | Ancient of Lore |
| 7:09 | Wisp |
| 7:18 | Ancient of Lore |
| 7:19 | Wisp |
| 7:20 | Wisp |
| 7:23 | Wisp |
| 7:23 | Wisp |
| 7:34 | Wisp |
| 7:35 | Wisp |
| 7:37 | Wisp |
| 7:37 | Wisp |
| 8:03 | Thorns Aura |
| 8:06 | Mana Burn |
| 8:42 | Dryad |
| 8:58 | Dryad |
| 9:54 | Abolish Magic |
| 9:55 | Dryad |
| 10:27 | Moon Well |
| 10:30 | Moon Well |
| 11:48 | Druid of the Claw |
| 11:48 | Dryad |
| 11:53 | Moon Well |
| 12:04 | Ancient of Wonders |
| 12:27 | Dryad |
| 12:30 | Huntress |
| 12:31 | Wisp |
| 13:58 | Druid of the Claw Adept Training |
| 13:59 | Druid of the Claw |
| 14:21 | Evasion |
| 14:26 | Goblin Shredder |
| 14:26 | Goblin Shredder |
| 16:19 | Druid of the Claw |
| 16:46 | Druid of the Claw |
| 16:47 | Dryad |
| 17:10 | Evasion |
| 17:34 | Dryad |
| 17:35 | Druid of the Claw |
| 17:55 | Dryad |
| 18:09 | Reinforced Hides |
| 18:10 | Strength of the Wild |
| 18:11 | Nature's Blessing |
| 18:14 | Tree of Eternity |
| 19:11 | Force of Nature |
| 19:37 | Mana Burn |
| 19:40 | Improved Reinforced Hides |
| 20:58 | Tree of Life |
| 21:13 | Tree of Life |
| 21:17 | Moon Well |
| 21:35 | Tree of Life |
| 21:40 | Tree of Life |
| 22:44 | Scroll of Town Portal |
| 25:02 | Tree of Ages |
| 25:05 | Altar of Elders |
| 25:13 | Wisp |
| 25:13 | Wisp |
| 25:29 | Wisp |
| 25:30 | Wisp |
| 25:31 | Wisp |
| 25:34 | Wisp |
| 25:45 | Wisp |
| 25:47 | Wisp |
| 26:19 | Moon Well |
| 27:24 | Ancient of Wind |
| 27:56 | Tree of Eternity |
| 28:13 | Tranquility |
| 28:56 | Hunter's Hall |
| 28:58 | Moon Well |
| 29:09 | Moon Well |
| 29:09 | Moon Well |
| 29:10 | Moon Well |
| 29:11 | Moon Well |
| 29:13 | Tree of Life |
| 30:32 | Evasion |
| 30:56 | Chimaera Roost |
| 30:59 | Chimaera Roost |
| 31:01 | Chimaera Roost |
| 31:18 | Wisp |
| 31:30 | Ancient of Wind |
| 31:32 | Ancient of Wind |
| 31:35 | Ancient of Wind |
| 31:48 | Wisp |
| 31:51 | Altar of Elders |
| 33:01 | Hippogryph |
| 33:01 | Hippogryph |
| 33:01 | Hippogryph |
| 33:02 | Hippogryph |
| 33:18 | Chimaera |
| 34:09 | Chimaera |
| 34:10 | Chimaera |
| 36:59 | Hippogryph |
| Right click | 1782 |
| Select | 781 |
| Select group | 362 |
| Use ability | 123 |
| Misc. action | 120 |
| Build/train/purchase | 105 |
| Assign group | 42 |
| Resource trade | 39 |
| Minimap ping | 23 |
| Esc | 4 |
| Remove unit | 2 |


| Tiny Great Hall | 2 | 1200 |
| Scroll of Town Portal | 2 | 700 |
| total: | 4 | 1900g |
| Peon | 13 | 975 | / | 0 |
| Troll Headhunter | 6 | 840 | / | 120 |
| Troll Berserker | 10 | 1400 | / | 200 |
| Demolisher | 3 | 660 | / | 150 |
| Shaman | 5 | 650 | / | 100 |
| Troll Witch Doctor | 4 | 580 | / | 100 |
| Wind Rider | 6 | 1590 | / | 240 |
| Raider | 13 | 2340 | / | 520 |
| Grunt | 3 | 600 | / | 0 |
| Goblin Shredder | 1 | 375 | / | 100 |
| Forest Troll High Priest | 1 | 305 | / | 40 |
| total: | 65 | 10315g | / | 1570w |
| Watch Tower | 2 | 220 | / | 160 |
| Orc Burrow | 9 | 1440 | / | 360 |
| War Mill | 1 | 205 | / | 0 |
| Altar of Storms | 1 | 180 | / | 50 |
| Barracks | 2 | 360 | / | 100 |
| Voodoo Lounge | 1 | 130 | / | 30 |
| Spirit Lodge | 2 | 300 | / | 300 |
| Beastiary | 2 | 290 | / | 280 |
| Stronghold | 1 | 315 | / | 190 |
| Fortress | 2 | 650 | / | 380 |
| total: | 20 | 3125g | / | 1280w |
| 0:18 | Peon |
| 0:18 | Peon |
| 0:28 | Orc Burrow |
| 0:33 | Peon |
| 0:49 | Peon |
| 1:00 | Peon |
| 1:22 | Orc Burrow |
| 1:25 | Peon |
| 1:29 | Peon |
| 1:55 | War Mill |
| 1:59 | Peon |
| 2:25 | Altar of Storms |
| 2:29 | Peon |
| 2:42 | Barracks |
| 3:49 | Troll Headhunter |
| 3:55 | Watch Tower |
| 3:58 | Spiked Barricades |
| 4:01 | Peon |
| 4:01 | Peon |
| 4:04 | Peon |
| 4:27 | Troll Headhunter |
| 4:45 | Troll Headhunter |
| 4:48 | Feral Spirit |
| 4:58 | Orc Burrow |
| 5:10 | Troll Headhunter |
| 5:52 | Stronghold |
| 6:05 | Steel Ranged Weapons |
| 6:09 | Orc Burrow |
| 6:44 | Goblin Shredder |
| 7:04 | Far Sight |
| 7:10 | Steel Armor |
| 7:20 | Barracks |
| 8:02 | Voodoo Lounge |
| 8:16 | Fortress |
| 8:20 | Troll Regeneration |
| 8:27 | Orc Burrow |
| 8:33 | Thorium Ranged Weapons |
| 8:40 | Troll Headhunter |
| 8:43 | Troll Headhunter |
| 9:13 | Orc Burrow |
| 10:35 | Healing Wave |
| 11:04 | Berserker Upgrade |
| 11:17 | Spirit Lodge |
| 11:20 | Spirit Lodge |
| 11:35 | Arcanite Ranged Weapons |
| 11:41 | Orc Burrow |
| 12:04 | Troll Berserker |
| 12:04 | Troll Berserker |
| 12:38 | Tiny Great Hall |
| 13:33 | Serpent Ward |
| 13:58 | Shaman Adept Training |
| 13:58 | Shaman Master Training |
| 14:07 | Scroll of Town Portal |
| 14:18 | Troll Berserker |
| 14:19 | Troll Berserker |
| 14:41 | Orc Burrow |
| 14:44 | Orc Burrow |
| 15:13 | Watch Tower |
| 15:15 | Peon |
| 15:23 | Witch Doctor Adept Training |
| 15:39 | Demolisher |
| 15:39 | Demolisher |
| 15:56 | Pillage |
| 16:13 | Shaman |
| 16:14 | Shaman |
| 16:47 | Thorium Armor |
| 16:56 | Scroll of Town Portal |
| 17:02 | Shaman |
| 17:05 | Witch Doctor Master Training |
| 17:32 | Burning Oil |
| 18:14 | Improved Spiked Barricades |
| 18:33 | Troll Witch Doctor |
| 18:34 | Troll Witch Doctor |
| 18:39 | Feral Spirit |
| 19:04 | Troll Witch Doctor |
| 19:05 | Troll Witch Doctor |
| 19:17 | Reinforced Defenses |
| 20:00 | Troll Berserker |
| 20:00 | Troll Berserker |
| 20:00 | Troll Berserker |
| 20:40 | Arcanite Armor |
| 21:23 | Berserker Strength |
| 21:24 | Troll Berserker |
| 21:27 | Demolisher |
| 21:41 | Beastiary |
| 21:45 | Beastiary |
| 22:49 | Serpent Ward |
| 22:56 | Envenomed Spears |
| 22:56 | Ensnare |
| 23:43 | Chain Lighting |
| 24:08 | Wind Rider |
| 24:08 | Wind Rider |
| 24:48 | Wind Rider |
| 24:49 | Wind Rider |
| 24:49 | Wind Rider |
| 24:49 | Wind Rider |
| 25:27 | Shaman |
| 25:27 | Shaman |
| 26:32 | Tiny Great Hall |
| 29:12 | Troll Berserker |
| 29:12 | Troll Berserker |
| 29:19 | Raider |
| 29:19 | Raider |
| 30:24 | Grunt |
| 30:26 | Grunt |
| 30:28 | Raider |
| 30:30 | Raider |
| 32:03 | Feral Spirit |
| 32:22 | Raider |
| 32:22 | Raider |
| 33:48 | Grunt |
| 33:52 | Raider |
| 33:52 | Raider |
| 35:08 | Raider |
| 35:08 | Raider |
| 37:50 | Forest Troll High Priest |
| 38:21 | Raider |
| 38:58 | Raider |
| 38:58 | Raider |
| 40:32 | Backpack |
| Right click | 1078 |
| Select | 1024 |
| Misc. action | 533 |
| Select group | 263 |
| Build/train/purchase | 128 |
| Assign group | 116 |
| Use ability | 30 |
| Remove unit | 3 |
231 units @ 33.5k
/ 5.6k
135 buildings @ 15.8k
/ 6.7k



x1)
| Lesser Clarity Potion | 7 | 490 |
| Scroll of Regeneration | 2 | 200 |
| Ivory Tower | 2 | 80 |
| Orb of Fire | 1 | 325 |
| Potion of Mana | 1 | 200 |
| Potion of Healing | 2 | 300 |
| Staff of Sanctuary | 1 | 250 |
| Scroll of Town Portal | 4 | 1400 |
| Boots of Speed | 4 | 1000 |
| Tome of Retraining | 1 | 300 |
| Periapt of Vitality | 2 | 650 |
| Circlet of Nobility | 1 | 175 |
| Healing Salve | 1 | 100 |
| Orb of Lightning | 1 | 375 |
| Orb of Corruption | 1 | 375 |
| total: | 31 | 6220g |
| Peasant | 21 | 1575 | / | 0 |
| Footman | 5 | 675 | / | 0 |
| Spell Breaker | 8 | 1720 | / | 240 |
| Priest | 10 | 1350 | / | 100 |
| Sorceress | 8 | 1240 | / | 160 |
| Goblin Shredder | 1 | 375 | / | 100 |
| Goblin Zeppelin | 1 | 240 | / | 60 |
| Forest Troll High Priest | 1 | 305 | / | 40 |
| Kobold Geomancer | 1 | 255 | / | 30 |
| total: | 56 | 7735g | / | 730w |
| Arcane Tower | 1 | 70 | / | 50 |
| Altar of Kings | 2 | 360 | / | 100 |
| Farm | 9 | 720 | / | 180 |
| Barracks | 1 | 160 | / | 60 |
| Town Hall | 3 | 1155 | / | 615 |
| Arcane Vault | 1 | 130 | / | 30 |
| Lumber Mill | 1 | 120 | / | 0 |
| Arcane Sanctum | 6 | 900 | / | 840 |
| Keep | 1 | 320 | / | 210 |
| Castle | 1 | 360 | / | 210 |
| total: | 23 | 3545g | / | 1825w |
| 0:01 | Peasant |
| 0:01 | Peasant |
| 0:03 | Altar of Kings |
| 0:09 | Altar of Kings |
| 0:12 | Peasant |
| 0:18 | Farm |
| 0:22 | Barracks |
| 0:43 | Peasant |
| 0:57 | Peasant |
| 1:04 | Farm |
| 1:11 | Peasant |
| 1:20 | Peasant |
| 1:32 | Farm |
| 1:39 | Footman |
| 1:45 | Peasant |
| 1:51 | Peasant |
| 1:58 | Footman |
| 2:08 | Summon Water Elemental |
| 2:12 | Peasant |
| 2:21 | Footman |
| 3:00 | Keep |
| 3:06 | Footman |
| 3:37 | Brilliance Aura |
| 3:49 | Town Hall |
| 3:59 | Farm |
| 4:03 | Farm |
| 4:09 | Arcane Vault |
| 4:34 | Footman |
| 4:42 | Lumber Mill |
| 4:55 | Peasant |
| 4:59 | Summon Water Elemental |
| 5:18 | Lesser Clarity Potion |
| 5:20 | Scroll of Regeneration |
| 5:29 | Lesser Clarity Potion |
| 5:30 | Scroll of Regeneration |
| 5:48 | Goblin Shredder |
| 6:23 | Flame Strike |
| 6:24 | Lesser Clarity Potion |
| 6:25 | Ivory Tower |
| 6:25 | Ivory Tower |
| 6:27 | Improved Lumber Harvesting |
| 6:55 | Arcane Sanctum |
| 6:55 | Arcane Sanctum |
| 6:55 | Arcane Sanctum |
| 7:15 | Boots of Speed |
| 7:17 | Boots of Speed |
| 7:24 | Tome of Retraining |
| 7:24 | Retrain Hero |
| 7:25 | Blizzard |
| 7:25 | Blizzard |
| 7:26 | Brilliance Aura |
| 7:42 | Arcane Sanctum |
| 7:45 | Castle |
| 7:47 | Farm |
| 8:35 | Siphon Mana |
| 8:38 | Brilliance Aura |
| 8:56 | Spell Breaker |
| 9:28 | Scroll of Town Portal |
| 9:28 | Healing Salve |
| 9:29 | Lesser Clarity Potion |
| 9:37 | Priest |
| 9:37 | Sorceress |
| 10:06 | Priest Adept Training |
| 10:06 | Sorceress Adept Training |
| 10:19 | Rain of Fire |
| 10:35 | Control Magic |
| 10:35 | Magic Sentry |
| 11:02 | Flame Strike |
| 11:24 | Priest Master Training |
| 11:24 | Priest |
| 11:57 | Boots of Speed |
| 12:00 | Boots of Speed |
| 12:04 | Periapt of Vitality |
| 12:05 | Circlet of Nobility |
| 12:09 | Sorceress Master Training |
| 12:27 | Priest |
| 13:41 | Cleaving Attack |
| 13:50 | Sorceress |
| 13:51 | Priest |
| 13:55 | Farm |
| 14:10 | Farm |
| 14:22 | Lesser Clarity Potion |
| 14:25 | Orb of Fire |
| 14:53 | Sorceress |
| 15:17 | Sorceress |
| 15:30 | Potion of Mana |
| 15:31 | Scroll of Town Portal |
| 15:48 | Blizzard |
| 16:05 | Siphon Mana |
| 16:32 | Potion of Healing |
| 16:32 | Orb of Lightning |
| 16:35 | Rain of Fire |
| 17:17 | Goblin Zeppelin |
| 17:27 | Sorceress |
| 17:53 | Lesser Clarity Potion |
| 18:04 | Scroll of Town Portal |
| 18:52 | Sorceress |
| 18:55 | Sorceress |
| 20:01 | Priest |
| 20:07 | Orb of Corruption |
| 20:42 | Flame Strike |
| 21:25 | Spell Breaker |
| 21:57 | Scroll of Town Portal |
| 21:58 | Staff of Sanctuary |
| 22:06 | Mass Teleport |
| 23:45 | Cleaving Attack |
| 24:22 | Priest |
| 24:43 | Summon Phoenix |
| 25:05 | Forest Troll High Priest |
| 25:06 | Kobold Geomancer |
| 25:14 | Priest |
| 25:15 | Priest |
| 25:19 | Backpack |
| 25:22 | Town Hall |
| 25:24 | Town Hall |
| 25:25 | Arcane Tower |
| 25:57 | Peasant |
| 25:57 | Peasant |
| 25:57 | Peasant |
| 26:29 | Brilliance Aura |
| 27:44 | Cleaving Attack |
| 28:04 | Sorceress |
| 28:07 | Arcane Sanctum |
| 28:08 | Arcane Sanctum |
| 28:49 | Priest |
| 29:09 | Peasant |
| 29:10 | Peasant |
| 29:10 | Peasant |
| 29:10 | Peasant |
| 29:11 | Spell Breaker |
| 29:20 | Siphon Mana |
| 29:51 | Lesser Clarity Potion |
| 29:53 | Potion of Healing |
| 30:56 | Spell Breaker |
| 30:56 | Spell Breaker |
| 30:59 | Spell Breaker |
| 31:56 | Doom |
| 32:05 | Priest |
| 33:29 | Summon Water Elemental |
| 33:30 | Banish |
| 34:04 | Periapt of Vitality |
| 34:19 | Farm |
| 35:42 | Rain of Fire |
| 36:15 | Spell Breaker |
| 36:50 | Peasant |
| 36:50 | Peasant |
| 36:50 | Peasant |
| 37:07 | Spell Breaker |
| 39:02 | Summon Water Elemental |
| 40:21 | Banish |
| Right click | 2702 |
| Select | 1088 |
| Select group | 843 |
| Assign group | 334 |
| Use ability | 275 |
| Build/train/purchase | 237 |
| Chat | 223 |
| Misc. action | 173 |
| Resource trade | 45 |
| Minimap ping | 12 |
| Item give/drop | 9 |
| Remove unit | 8 |


| Healing Salve | 5 | 500 |
| Scroll of Speed | 6 | 300 |
| Lesser Clarity Potion | 7 | 490 |
| Potion of Mana | 1 | 200 |
| Scroll of Healing | 1 | 250 |
| total: | 20 | 1740g |
| Peon | 5 | 375 | / | 0 |
| Grunt | 8 | 1600 | / | 0 |
| Troll Headhunter | 18 | 2520 | / | 360 |
| Goblin Zeppelin | 2 | 480 | / | 120 |
| total: | 33 | 4975g | / | 480w |
| Watch Tower | 3 | 330 | / | 240 |
| Altar of Storms | 2 | 360 | / | 100 |
| Orc Burrow | 5 | 800 | / | 200 |
| Barracks | 4 | 720 | / | 200 |
| War Mill | 2 | 410 | / | 0 |
| Voodoo Lounge | 3 | 390 | / | 90 |
| Stronghold | 1 | 315 | / | 190 |
| Fortress | 1 | 325 | / | 190 |
| total: | 19 | 3010g | / | 830w |
| 0:04 | Peon |
| 0:11 | Altar of Storms |
| 0:18 | Orc Burrow |
| 0:30 | Barracks |
| 0:36 | Peon |
| 0:51 | Peon |
| 0:54 | Peon |
| 1:28 | Peon |
| 1:33 | Grunt |
| 1:57 | War Mill |
| 2:01 | War Mill |
| 2:14 | War Stomp |
| 2:27 | Orc Burrow |
| 3:01 | Voodoo Lounge |
| 3:16 | Orc Burrow |
| 3:25 | Orc Burrow |
| 3:30 | Grunt |
| 3:43 | Watch Tower |
| 3:56 | Watch Tower |
| 4:00 | Watch Tower |
| 4:45 | Troll Headhunter |
| 4:45 | Troll Headhunter |
| 4:45 | Troll Headhunter |
| 4:45 | Troll Headhunter |
| 5:05 | Endurance Aura |
| 5:11 | Steel Ranged Weapons |
| 5:13 | Steel Armor |
| 5:16 | Healing Salve |
| 5:23 | Scroll of Speed |
| 6:48 | Stronghold |
| 7:04 | Healing Salve |
| 7:13 | Troll Headhunter |
| 7:13 | Troll Headhunter |
| 7:14 | Troll Headhunter |
| 7:14 | Troll Headhunter |
| 9:07 | Grunt |
| 9:07 | Grunt |
| 9:07 | Grunt |
| 9:08 | Grunt |
| 9:38 | Lesser Clarity Potion |
| 9:40 | Potion of Mana |
| 10:08 | Troll Headhunter |
| 10:09 | Troll Headhunter |
| 10:09 | Troll Headhunter |
| 10:09 | Troll Headhunter |
| 10:09 | Troll Headhunter |
| 10:09 | Troll Headhunter |
| 10:29 | Fortress |
| 10:35 | Thorium Ranged Weapons |
| 10:35 | Thorium Armor |
| 10:42 | Barracks |
| 10:48 | Healing Salve |
| 11:10 | Goblin Zeppelin |
| 13:28 | Endurance Aura |
| 14:08 | Troll Headhunter |
| 14:09 | Troll Headhunter |
| 14:09 | Troll Headhunter |
| 14:09 | Troll Headhunter |
| 14:10 | Berserker Upgrade |
| 15:23 | Barracks |
| 16:10 | Scroll of Speed |
| 16:18 | War Stomp |
| 16:40 | Barracks |
| 17:00 | Healing Wave |
| 17:52 | Grunt |
| 17:52 | Grunt |
| 20:40 | Altar of Storms |
| 20:43 | Orc Burrow |
| 22:02 | Voodoo Lounge |
| 22:07 | Voodoo Lounge |
| 23:43 | Scroll of Speed |
| 25:43 | Lesser Clarity Potion |
| 25:43 | Lesser Clarity Potion |
| 25:50 | Scroll of Speed |
| 27:57 | Hex |
| 29:56 | Lesser Clarity Potion |
| 29:56 | Lesser Clarity Potion |
| 29:58 | Scroll of Speed |
| 30:10 | Healing Wave |
| 30:54 | Endurance Aura |
| 30:57 | Hex |
| 34:12 | Scroll of Healing |
| 34:30 | Lesser Clarity Potion |
| 34:30 | Healing Salve |
| 34:30 | Scroll of Speed |
| 34:33 | Healing Salve |
| 34:33 | Lesser Clarity Potion |
| 35:45 | Reincarnation |
| 37:12 | Goblin Zeppelin |
| 39:03 | Healing Wave |
| 39:23 | War Stomp |
| Right click | 2010 |
| Chat | 377 |
| Select | 370 |
| Misc. action | 175 |
| Build/train/purchase | 128 |
| Assign group | 52 |
| Use ability | 50 |
| Select group | 36 |
| Minimap ping | 6 |
| Resource trade | 5 |
| Item give/drop | 4 |
| Remove unit | 3 |
BaDitO2
(31)
(40:54) : 
| Lesser Clarity Potion | 5 | 350 |
| Scroll of Regeneration | 1 | 100 |
| Potion of Healing | 2 | 300 |
| Potion of Mana | 1 | 200 |
| Boots of Speed | 1 | 250 |
| Circlet of Nobility | 1 | 175 |
| Staff of Teleportation | 1 | 150 |
| Healing Salve | 1 | 100 |
| total: | 13 | 1625g |
| Peasant | 28 | 2100 | / | 0 |
| Siege Engine | 31 | 6045 | / | 1860 |
| Flying Machine | 18 | 1800 | / | 540 |
| Goblin Zeppelin | 2 | 480 | / | 120 |
| Goblin Sapper | 4 | 860 | / | 400 |
| total: | 83 | 11285g | / | 2920w |
| Scout Tower | 39 | 1170 | / | 780 |
| Guard Tower | 16 | 1120 | / | 800 |
| Arcane Tower | 3 | 210 | / | 150 |
| Altar of Kings | 1 | 180 | / | 50 |
| Farm | 17 | 1360 | / | 340 |
| Lumber Mill | 4 | 480 | / | 0 |
| Arcane Vault | 1 | 130 | / | 30 |
| Town Hall | 4 | 1540 | / | 820 |
| Blacksmith | 2 | 280 | / | 120 |
| Cannon Tower | 1 | 120 | / | 100 |
| Gryphon Aviary | 1 | 140 | / | 150 |
| Workshop | 5 | 700 | / | 700 |
| Keep | 1 | 320 | / | 210 |
| Castle | 1 | 360 | / | 210 |
| total: | 74 | 5980g | / | 2990w |
| 0:05 | Peasant |
| 0:05 | Peasant |
| 0:12 | Altar of Kings |
| 0:16 | Farm |
| 0:20 | Lumber Mill |
| 0:22 | Peasant |
| 0:37 | Peasant |
| 0:43 | Farm |
| 0:52 | Scout Tower |
| 1:21 | Arcane Vault |
| 1:40 | Scout Tower |
| 1:41 | Peasant |
| 1:41 | Peasant |
| 1:42 | Peasant |
| 1:42 | Peasant |
| 1:43 | Peasant |
| 1:43 | Peasant |
| 2:04 | Peasant |
| 2:04 | Peasant |
| 2:05 | Peasant |
| 2:05 | Peasant |
| 2:15 | Guard Tower |
| 2:20 | Flame Strike |
| 2:28 | Farm |
| 2:33 | Farm |
| 2:37 | Peasant |
| 2:38 | Peasant |
| 2:38 | Peasant |
| 3:14 | Scout Tower |
| 3:15 | Scout Tower |
| 3:16 | Scout Tower |
| 3:17 | Scout Tower |
| 3:18 | Scout Tower |
| 3:19 | Guard Tower |
| 3:32 | Peasant |
| 3:33 | Peasant |
| 3:33 | Peasant |
| 3:44 | Guard Tower |
| 3:45 | Peasant |
| 3:45 | Peasant |
| 4:04 | Lesser Clarity Potion |
| 4:11 | Guard Tower |
| 4:32 | Scout Tower |
| 4:33 | Scout Tower |
| 4:33 | Guard Tower |
| 4:42 | Boots of Speed |
| 4:43 | Circlet of Nobility |
| 4:51 | Staff of Teleportation |
| 5:05 | Peasant |
| 5:05 | Peasant |
| 5:17 | Guard Tower |
| 5:21 | Scroll of Regeneration |
| 5:30 | Lesser Clarity Potion |
| 6:06 | Peasant |
| 6:07 | Peasant |
| 6:17 | Siphon Mana |
| 6:24 | Town Hall |
| 6:33 | Scout Tower |
| 6:34 | Scout Tower |
| 6:34 | Scout Tower |
| 6:35 | Scout Tower |
| 6:36 | Scout Tower |
| 6:37 | Scout Tower |
| 6:37 | Scout Tower |
| 6:38 | Scout Tower |
| 6:59 | Lesser Clarity Potion |
| 7:17 | Guard Tower |
| 7:55 | Healing Salve |
| 8:16 | Keep |
| 8:19 | Arcane Tower |
| 8:20 | Guard Tower |
| 9:11 | Flame Strike |
| 9:32 | Blacksmith |
| 9:34 | Blacksmith |
| 9:37 | Guard Tower |
| 9:42 | Improved Masonry |
| 10:53 | Castle |
| 11:09 | Gryphon Aviary |
| 11:11 | Lesser Clarity Potion |
| 11:13 | Potion of Healing |
| 12:20 | Workshop |
| 12:24 | Workshop |
| 12:25 | Workshop |
| 12:28 | Workshop |
| 12:29 | Workshop |
| 12:34 | Farm |
| 12:34 | Farm |
| 12:35 | Farm |
| 12:35 | Farm |
| 12:35 | Farm |
| 12:36 | Farm |
| 12:36 | Farm |
| 12:36 | Farm |
| 12:36 | Farm |
| 12:37 | Farm |
| 12:37 | Farm |
| 12:37 | Farm |
| 12:38 | Farm |
| 13:05 | Black Gunpowder |
| 13:05 | Iron Plating |
| 13:27 | Barrage |
| 13:28 | Siege Engine |
| 13:28 | Siege Engine |
| 13:28 | Siege Engine |
| 13:42 | Lesser Clarity Potion |
| 13:47 | Potion of Healing |
| 13:50 | Potion of Mana |
| 14:33 | Siege Engine |
| 15:17 | Siege Engine |
| 15:22 | Siege Engine |
| 15:37 | Siege Engine |
| 15:37 | Siege Engine |
| 16:00 | Siege Engine |
| 16:04 | Peasant |
| 16:04 | Peasant |
| 16:09 | Siege Engine |
| 16:26 | Siege Engine |
| 17:08 | Siege Engine |
| 17:09 | Siege Engine |
| 17:38 | Siege Engine |
| 17:38 | Siege Engine |
| 18:29 | Siege Engine |
| 18:36 | Goblin Zeppelin |
| 19:04 | Siege Engine |
| 19:34 | Siege Engine |
| 19:37 | Siege Engine |
| 20:09 | Siege Engine |
| 20:34 | Siege Engine |
| 21:07 | Siege Engine |
| 21:47 | Siege Engine |
| 22:03 | Goblin Zeppelin |
| 22:32 | Siege Engine |
| 23:23 | Siege Engine |
| 23:40 | Siege Engine |
| 24:28 | Goblin Sapper |
| 24:28 | Goblin Sapper |
| 24:28 | Goblin Sapper |
| 24:29 | Goblin Sapper |
| 24:41 | Siege Engine |
| 25:07 | Siege Engine |
| 25:26 | Flying Machine Bombs |
| 26:08 | Flying Machine |
| 26:08 | Flying Machine |
| 26:08 | Flying Machine |
| 26:08 | Flying Machine |
| 27:48 | Town Hall |
| 28:46 | Scout Tower |
| 28:49 | Scout Tower |
| 28:49 | Scout Tower |
| 28:50 | Scout Tower |
| 28:51 | Scout Tower |
| 28:51 | Scout Tower |
| 29:07 | Scout Tower |
| 29:11 | Scout Tower |
| 29:26 | Cannon Tower |
| 29:53 | Lumber Mill |
| 29:55 | Scout Tower |
| 30:32 | Arcane Tower |
| 30:33 | Arcane Tower |
| 30:36 | Lumber Mill |
| 30:50 | Flying Machine |
| 31:08 | Scout Tower |
| 31:22 | Flying Machine |
| 31:33 | Guard Tower |
| 31:35 | Scout Tower |
| 31:58 | Refined Gunpowder |
| 32:03 | Flying Machine |
| 32:10 | Guard Tower |
| 32:35 | Town Hall |
| 33:15 | Imbued Gunpowder |
| 33:28 | Scout Tower |
| 33:28 | Scout Tower |
| 33:29 | Scout Tower |
| 33:30 | Scout Tower |
| 33:31 | Scout Tower |
| 33:33 | Scout Tower |
| 33:34 | Scout Tower |
| 33:35 | Scout Tower |
| 33:36 | Scout Tower |
| 33:37 | Scout Tower |
| 34:11 | Guard Tower |
| 34:25 | Flying Machine |
| 34:25 | Flying Machine |
| 34:30 | Flying Machine |
| 34:30 | Flying Machine |
| 34:38 | Steel Plating |
| 35:06 | Flying Machine |
| 35:06 | Flying Machine |
| 35:20 | Flying Machine |
| 35:57 | Flying Machine |
| 36:11 | Flying Machine |
| 36:27 | Flying Machine |
| 36:31 | Guard Tower |
| 36:36 | Guard Tower |
| 37:20 | Scout Tower |
| 38:14 | Flying Machine |
| 38:22 | Guard Tower |
| 39:03 | Town Hall |
| 40:22 | Lumber Mill |
| 40:34 | Siege Engine |
| 40:34 | Siege Engine |
| 40:48 | Siege Engine |
| Right click | 1418 |
| Chat | 544 |
| Select | 418 |
| Select group | 265 |
| Build/train/purchase | 171 |
| Use ability | 56 |
| Misc. action | 54 |
| Resource trade | 37 |
| Esc | 21 |
| Assign group | 20 |
| Minimap ping | 16 |
| Item give/drop | 2 |

| Rod of Necromancy | 3 | 450 |
| Sacrificial Skull | 1 | 50 |
| Potion of Healing | 9 | 1350 |
| Potion of Mana | 7 | 1400 |
| Lesser Clarity Potion | 4 | 280 |
| Scroll of Town Portal | 5 | 1750 |
| Scroll of Healing | 4 | 1000 |
| Potion of Invisibility | 1 | 100 |
| Potion of Lesser Invulnerability | 2 | 300 |
| Staff of Teleportation | 1 | 150 |
| Scroll of Speed | 2 | 100 |
| Healing Salve | 1 | 100 |
| Orb of Fire | 1 | 325 |
| total: | 41 | 7355g |
| Acolyte | 9 | 675 | / | 0 |
| Ghoul | 20 | 2400 | / | 0 |
| Gargoyle | 8 | 1400 | / | 240 |
| Crypt Fiend | 11 | 2365 | / | 440 |
| Abomination | 11 | 2640 | / | 770 |
| total: | 59 | 9480g | / | 1450w |
| Nerubian Tower | 1 | 100 | / | 20 |
| Crypt | 5 | 1000 | / | 250 |
| Ziggurat | 7 | 1050 | / | 350 |
| Altar of Darkness | 1 | 180 | / | 50 |
| Tomb of Relics | 1 | 130 | / | 30 |
| Graveyard | 1 | 215 | / | 0 |
| Necropolis | 1 | 225 | / | 0 |
| Slaughterhouse | 3 | 420 | / | 405 |
| Halls of the Dead | 1 | 320 | / | 210 |
| Black Citadel | 1 | 325 | / | 230 |
| total: | 19 | 3220g | / | 1085w |
| 0:01 | Acolyte |
| 0:01 | Acolyte |
| 0:07 | Crypt |
| 0:11 | Ziggurat |
| 0:20 | Acolyte |
| 0:34 | Altar of Darkness |
| 0:58 | Acolyte |
| 1:14 | Ghoul |
| 1:25 | Ghoul |
| 1:34 | Tomb of Relics |
| 1:47 | Ghoul |
| 1:59 | Acolyte |
| 2:35 | Ziggurat |
| 2:41 | Rod of Necromancy |
| 2:41 | Sacrificial Skull |
| 2:45 | Sleep |
| 3:03 | Ziggurat |
| 3:41 | Carrion Swarm |
| 4:01 | Acolyte |
| 4:02 | Ghoul |
| 4:03 | Ghoul |
| 4:03 | Ghoul |
| 4:03 | Ghoul |
| 4:06 | Graveyard |
| 4:42 | Halls of the Dead |
| 4:45 | Necropolis |
| 4:47 | Nerubian Tower |
| 5:14 | Rod of Necromancy |
| 5:20 | Ghoul |
| 5:23 | Ziggurat |
| 5:56 | Crypt |
| 5:58 | Unholy Strength |
| 6:17 | Ghoul |
| 6:17 | Ghoul |
| 6:19 | Acolyte |
| 6:19 | Acolyte |
| 6:51 | Ghoul |
| 7:29 | Carrion Swarm |
| 7:42 | Gargoyle |
| 7:49 | Gargoyle |
| 7:59 | Scroll of Town Portal |
| 8:01 | Potion of Healing |
| 8:03 | Potion of Healing |
| 8:50 | Ghoul |
| 8:51 | Black Citadel |
| 9:03 | Scroll of Speed |
| 9:23 | Sleep |
| 9:25 | Healing Salve |
| 9:27 | Potion of Healing |
| 10:00 | Gargoyle |
| 10:01 | Gargoyle |
| 10:01 | Ghoul |
| 10:01 | Ghoul |
| 10:10 | Potion of Mana |
| 10:10 | Orb of Fire |
| 10:12 | Potion of Healing |
| 10:28 | Crypt |
| 10:30 | Crypt |
| 10:52 | Ghoul |
| 10:52 | Crypt Fiend |
| 11:23 | Potion of Mana |
| 11:23 | Lesser Clarity Potion |
| 11:26 | Crypt |
| 12:21 | Gargoyle |
| 12:22 | Ziggurat |
| 12:39 | Ziggurat |
| 12:40 | Ziggurat |
| 13:40 | Ghoul |
| 13:40 | Ghoul |
| 13:40 | Ghoul |
| 13:42 | Gargoyle |
| 13:42 | Gargoyle |
| 13:42 | Gargoyle |
| 13:43 | Ghoul |
| 13:43 | Ghoul |
| 13:45 | Slaughterhouse |
| 13:47 | Slaughterhouse |
| 13:47 | Slaughterhouse |
| 13:50 | Improved Unholy Strength |
| 13:50 | Unholy Armor |
| 14:02 | Ghoul Frenzy |
| 14:16 | Potion of Healing |
| 14:17 | Potion of Mana |
| 14:18 | Scroll of Town Portal |
| 14:21 | Potion of Healing |
| 14:24 | Web |
| 15:09 | Carrion Swarm |
| 15:15 | Abomination |
| 15:18 | Crypt Fiend |
| 16:02 | Potion of Healing |
| 16:02 | Potion of Mana |
| 16:21 | Lesser Clarity Potion |
| 16:22 | Potion of Mana |
| 16:38 | Abomination |
| 16:39 | Crypt Fiend |
| 17:04 | Potion of Healing |
| 17:05 | Lesser Clarity Potion |
| 17:13 | Scroll of Speed |
| 17:13 | Lesser Clarity Potion |
| 17:51 | Abomination |
| 17:52 | Abomination |
| 18:24 | Inferno |
| 18:33 | Crypt Fiend |
| 18:41 | Acolyte |
| 20:35 | Abomination |
| 20:38 | Crypt Fiend |
| 20:45 | Potion of Mana |
| 20:45 | Potion of Healing |
| 20:47 | Rod of Necromancy |
| 21:20 | Crypt Fiend |
| 21:21 | Abomination |
| 22:21 | Sleep |
| 22:24 | Potion of Invisibility |
| 22:26 | Potion of Lesser Invulnerability |
| 22:26 | Scroll of Healing |
| 22:40 | Abomination |
| 23:17 | Scroll of Town Portal |
| 23:18 | Scroll of Healing |
| 24:24 | Vampiric Aura |
| 25:22 | Abomination |
| 25:51 | Scroll of Healing |
| 25:51 | Scroll of Town Portal |
| 25:53 | Potion of Lesser Invulnerability |
| 27:55 | Vampiric Aura |
| 28:01 | Abomination |
| 28:03 | Crypt Fiend |
| 29:31 | Scroll of Town Portal |
| 29:32 | Scroll of Healing |
| 29:34 | Staff of Teleportation |
| 30:01 | Vampiric Aura |
| 31:50 | Crypt Fiend |
| 33:51 | Crypt Fiend |
| 35:05 | Abomination |
| 35:51 | Crypt Fiend |
| 39:54 | Abomination |
| 39:57 | Crypt Fiend |
| 40:18 | Potion of Mana |
| Right click | 3413 |
| Select | 945 |
| Select group | 624 |
| Assign group | 268 |
| Build/train/purchase | 203 |
| Chat | 159 |
| Misc. action | 142 |
| Use ability | 89 |
| Minimap ping | 26 |
| Esc | 13 |
| Item give/drop | 10 |
| Resource trade | 6 |
⇛